 Dungeon Crawl Stone Soup version 0.23-a0-483-g32a748b514 (webtiles) character file.

3634 LLavrengius the Fighter (level 9, 0/75 HPs)
             Began as a Mummy Necromancer on Nov 30, 2018.
             Was a Priest of Okawaru.
             Slain by a wolf (8 damage)
             ... on level 8 of the Dungeon.
             The game lasted 00:57:12 (10251 turns).

LLavrengius the Fighter (Mummy Necromancer)        Turns: 10251, Time: 00:57:12

Health: 0/75       AC:  9    Str: 14    XL:     9   Next: 87%
Magic:  0/15       EV:  9    Int: 15    God:    Okawaru [***...]
Gold:   229        SH:  0    Dex: 12    Spells: 6/16 levels left

rFire    x . .     SeeInvis .   r - +4 hunting sling (flame)
rCold    + . .     Gourm    .   (no shield)
rNeg     + + +     Faith    .   g - +0 scale mail
rPois    ∞         Spirit   .   m - +0 helmet
rElec    .         Reflect  .   (no cloak)
rCorr    .         Harm     .   t - +0 pair of gloves
MR       +....                  o - +0 pair of boots
Stlth    ..........             (no amulet)
HPRegen  0.22/turn              (no ring)
MPRegen  0.14/turn              u - ring of wizardry

@: very slightly contaminated
A: no food or potions, fire vulnerability, cold resistance 1, negative energy
resistance 3, torment resistance, unbreathing
a: Heroism, Renounce Religion


You were on level 8 of the Dungeon.
You worshipped Okawaru.
Okawaru was most pleased with you.
You were not hungry.

You visited 2 branches of the dungeon, and saw 10 of its levels.

You collected 334 gold pieces.
You spent 105 gold pieces at shops.

Inventory:

Hand Weapons
 d - a +0 dagger
 e - a +0 hunting sling
 f - a +0 spear
 l - a +0 spear
 r - a +4 hunting sling of flaming (weapon)
Missiles
 b - 118 stones (quivered)
 p - 95 sling bullets
Armour
 a - a +0 robe
 g - a +0 scale mail (worn)
 j - a +0 leather armour
 m - a +0 helmet (worn)
 o - a +0 pair of boots (worn)
 t - a +0 pair of gloves (worn)
Jewellery
 u - a ring of wizardry (right hand)
 z - an uncursed ring of ice {unknown}
 C - an uncursed ring of fire
Wands
 w - a wand of digging (6)
 x - a wand of disintegration (6)
 y - a wand of iceblast (19)
 B - a wand of clouds (3)
Scrolls
 c - 2 scrolls of fog {unknown}
 h - 5 scrolls of remove curse
 i - 2 scrolls of amnesia {unknown}
 k - 2 scrolls of magic mapping
 n - 2 scrolls of enchant armour {unknown}
 q - 5 scrolls of teleportation
 s - a scroll of blinking
 v - 2 scrolls of identify
 A - a scroll of fear {unknown}


   Skills:
 + Level 8.4 Fighting
 + Level 6.6 Slings
 - Level 2.0 Dodging
 - Level 1.5 Stealth
 - Level 4.0 Spellcasting
 + Level 2.3 Hexes
 - Level 7.0 Necromancy
 - Level 3.1 Invocations


You had 6 spell levels left.
You knew the following spells:

 Your Spells              Type           Power        Failure   Level  Hunger
a - Pain                  Necr           ###.         1%          1    N/A
b - Animate Skeleton      Necr           N/A          1%          1    N/A
c - Vampiric Draining     Necr           ###.......   6%          3    N/A
d - Animate Dead          Necr           N/A          17%         4    N/A
e - Corona                Hex            ##.....      12%         1    N/A

Your spell library contained the following spells:

 Spells                   Type           Power        Failure   Level  Hunger
 Slow                     Hex            ##......     19%         2    N/A
 Magic Dart               Conj           #...         32%         1    N/A
 Blink                    Tloc           N/A          43%         2    N/A
 Call Imp                 Summ           #.......     43%         2    N/A
 Inner Flame              Hex/Fire       #.......     50%         3    N/A
 Portal Projectile        Hex/Tloc       #.....       50%         3    N/A
 Conjure Flame            Conj/Fire      #.......     65%         3    N/A
 Mephitic Cloud           Conj/Pois/Air  #.......     65%         3    N/A
 Cause Fear               Hex            ##........   73%         4    N/A
 Leda's Liquefaction      Hex/Erth       #.........   86%         4    N/A
 Regeneration             Chrm/Necr      Unusable     N/A         3    N/A

Dungeon Overview and Level Annotations

Branches:
Dungeon (9/15)             Temple (1/1) D:5
   Lair: D:8-11         Orc: D:9-12

Altars:
Ashenzari
Cheibriados
Dithmenos
Elyvilon
Fedhas
Gozag
Hepliaklqana
Kikubaaqudgha
Makhleb
Nemelex Xobeh
Okawaru
Qazlal
Ru
Sif Muna
Trog
Uskayaw
Vehumet
Wu Jian
Xom
Yredelemnul
Zin
The Shining One
Beogh

Shops:
D:4 ?

Annotations:
D:3 3 runed doors, nawrastar's ghost, amateur DEFE
D:5 Duvessa
D:6 3 runed doors, Scypier's ghost, novice DrTm


Innate Abilities, Weirdness & Mutations

You do not eat or drink.
Your flesh is vulnerable to fire.
You are immune to poison.
Your flesh is cold resistant. (rC+)
You are immune to negative energy. (rN+++)
You are immune to unholy pain and torment.
You can survive without breathing.


Message History

Aim: a wolf (heavily wounded)
You shoot a stone. The stone closely misses the wolf.
The wolf closely misses you. The wolf closely misses you.
Things that are here:
a +0 chain mail; a +0 short sword The wolf bites you but does no damage.
The wolf bites you but does no damage. The wolf bites you.
* * * LOW HITPOINT WARNING * * *
The wolf closely misses you.
Casting: Vampiric Draining (safe; 6% risk of failure)
Confirm with . or Enter, or press ? or * to list all spells.
Aiming: Vampiric Draining (safe; 6% risk of failure)
Press: ? - help, Shift-Dir - straight line, f/p - wolf
Aim: a wolf (heavily wounded)
The wolf is severely wounded.
You feel life coursing into your body. The wolf bites you but does no damage.
The wolf bites you!
You die...

#...........#
#...........#
#........!...
#............
###########....##.....
#...##.#..#....##....#
#....................#
#.....................
#....@................
#...h####.##...##.....
##....####.##...##.....
#.>....#...#....+......
#......#...'....#..##.#
#..[[..#...#....#.##.[)
##...[##.##########....
##....##.####....#.....
#.........#[....>)..._.


You could see a wolf.

Vanquished Creatures
  Prince Ribbit (D:8)
  A wyvern (D:8)
  Eustachio (D:6)
  A water moccasin (D:7)
  An ice beast (D:7)
  A hornet zombie (D:8)
  2 ogres
  3 orc warriors
  A sky beast (D:8)
  A necrophage (D:8)
  A phantom (D:5)
  A wolf (D:8)
  2 centaurs
  Blork the orc (D:5)
  A bullfrog (D:7)
  2 scorpions
  4 killer bees
  3 wights (D:7)
  3 howler monkeys (D:8)
  5 crimson imps
  2 jellies (D:6)
  A centaur zombie (D:8)
  7 orc priests
  5 orc wizards
  7 hounds
  An iguana (D:8)
  3 worker ants
  11 adders
  8 gnolls
  A howler monkey skeleton (D:5)
  2 adder zombies
  2 oozes
  4 worms
  3 dart slugs
  5 leopard geckos
  28 orcs
  A ball python (D:2)
  4 giant cockroaches
  9 goblins
  7 hobgoblins
  4 jackals (D:1)
  2 quokkas (D:2)
  9 bats
  A frilled lizard (D:4)
  A jackal skeleton (D:5)
  7 kobolds
  9 rats
180 creatures vanquished.

Vanquished Creatures (collateral kills)
  An iguana (D:5)
  An adder (D:2)
  A worm (D:2)
  2 jackals (D:1)
5 creatures vanquished.

Grand Total: 185 creatures vanquished

Notes
Turn   | Place    | Note
-------+----------+-------------------------------------------
     0 | D:1      | LLavrengius the Mummy Necromancer began the quest for the
                  | Orb.
     0 | D:1      | Reached XP level 1. HP: 13/13 MP: 4/4
   258 | D:1      | Learned a level 1 spell: Animate Skeleton
   302 | D:1      | Reached XP level 2. HP: 19/19 MP: 1/6
   925 | D:1      | Reached XP level 3. HP: 23/25 MP: 0/7
   930 | D:1      | Learned a level 3 spell: Vampiric Draining
  1584 | D:2      | Reached skill level 1 in Fighting
  1977 | D:2      | Reached XP level 4. HP: 30/32 MP: 3/8
  2272 | D:2      | Reached skill level 5 in Necromancy
  2704 | D:2      | Reached skill level 2 in Fighting
  3309 | D:3      | Reached XP level 5. HP: 38/38 MP: 10/10
  3601 | D:3      | Found a runed gate.
  3601 | D:3      | Identified the +6 spear of Waper {protect, MR+ SInv}
  3603 | D:3      | Noticed nawrastar's ghost (amateur DEFE)
  3604 | D:3      | Found a runed gate.
  3605 | D:3      | Found a runed gate.
  3865 | D:3      | Found a roughly hewn altar of Beogh.
  4008 | D:4      | Found a basalt altar of Yredelemnul.
  4104 | D:4      | Found a stormy altar of Qazlal.
  4105 | D:4      | Noticed an ogre
  4114 | D:4      | Killed an ogre
  4114 | D:4      | Reached skill level 1 in Slings
  4114 | D:4      | Reached XP level 6. HP: 31/46 MP: 2/12
  4116 | D:4      | Reached skill level 3 in Fighting
  4446 | D:4      | Learned a level 4 spell: Animate Dead
  4531 | D:4      | Found a white marble altar of Elyvilon.
  4672 | D:4      | Found Nuafeda's Magic Scroll Shoppe.
  4675 | D:4      | Bought a scroll of blinking for 105 gold pieces
  5131 | D:5      | Entered Level 5 of the Dungeon
  5169 | D:5      | Reached XP level 7. HP: 51/53 MP: 7/13
  5253 | D:5      | Noticed Blork the orc
  5563 | D:5      | Reached skill level 4 in Fighting
  5594 | D:5      | Killed Blork the orc
  5605 | D:5      | Found a staircase to the Ecumenical Temple.
  5614 | Temple   | Entered the Ecumenical Temple
  5819 | Temple   | Became a worshipper of Warmaster Okawaru
  6416 | D:5      | Found a glowing golden altar of the Shining One.
  6515 | D:5      | Noticed Duvessa
  6580 | D:6      | Reached skill level 5 in Fighting
  6580 | D:6      | Reached XP level 8. HP: 62/62 MP: 14/14
  6681 | D:6      | Reached * piety under Okawaru
  6840 | D:6      | Found a blossoming altar of Fedhas.
  6975 | D:6      | Noticed Eustachio
  6990 | D:6      | Killed Eustachio
  7090 | D:6      | Found a shadowy altar of Dithmenos.
  7144 | D:6      | Found a runed gate.
  7145 | D:6      | Found a runed gate.
  7145 | D:6      | Identified the +6 plate armour of the Constellations {rElec
                  | rC++ Int+3}
  7145 | D:6      | Noticed Scypier's ghost (novice DrTm)
  7146 | D:6      | Found a runed gate.
  7200 | D:6      | Found a snail-covered altar of Cheibriados.
  7200 | D:6      | Found an ornate altar of the Wu Jian Council.
  7322 | D:6      | Found a roughly hewn altar of Beogh.
  7446 | D:6      | Reached skill level 1 in Invocations
  7728 | D:7      | Reached skill level 6 in Fighting
  8027 | D:7      | Reached ** piety under Okawaru
  8205 | D:7      | Found a shadowy altar of Dithmenos.
  8268 | D:7      | Reached skill level 5 in Slings
  8373 | D:7      | Reached XP level 9. HP: 56/71 MP: 15/15
  8625 | D:8      | Reached skill level 7 in Fighting
  9023 | D:8      | Found a shimmering altar of Xom.
  9025 | D:8      | Noticed Prince Ribbit
  9462 | D:8      | Killed Prince Ribbit
  9542 | D:8      | Learned a level 1 spell: Corona
  9626 | D:8      | Reached *** piety under Okawaru
  9626 | D:8      | Reached skill level 8 in Fighting
  9644 | D:8      | Reached skill level 1 in Hexes
 10223 | D:9      | Noticed a troll
 10251 | D:8      | Slain by a wolf

Vault maps used:
D:1:      dpeg_arrival_signposts
D:2:      first_ration
D:3:      biasface_ghost_orc_armoury, bh_walls_and_bars
D:4:      yredelemnul_altar_generic, grunt_qazlal_clouds,
          overflow_temple_1_default, serial_shops, kennysheep_mini
D:5:      tso_oasis_becter, temple_hall_moat, uniq_duvessa, uniq_blork_the_orc
D:6:      grunt_dithmenos_smoke_and_mirrors, gammafunk_temple_overflow_statue,
          biasface_ghost_orc_armoury, basic_altar, uniq_eustachio
D:7:      basic_altar
D:8:      lemuel_round_altar, uniq_prince_ribbit1
D:9:      erik_lair_island, hangedman_little_slice_of_home
Temple:   minmay_temple_curvy_branch

Skill      XL: |  1  2  3  4  5  6  7  8  9 |
---------------+----------------------------+-----
Spellcasting   | 3 4 |  4.0
Fighting       | 1 2 3 5 6 8 |  8.4
Dodging        | 2 |  2.0
Necromancy     | 5 6 7 |  7.0
Slings         | 1 2 3 5 6 |  6.6
Invocations    | 2 3 |  3.1
Hexes          | 2 |  2.3
Stealth        | |  1.5

Action                   |  1- 3 |  4- 6 |  7- 9 || total
-------------------------+-------+-------+-------++-------
Melee: Unarmed           |    10 |       |       ||    10
       Dagger            |    37 |       |       ||    37
       Spear             |    15 |    60 |       ||    75
 Fire: Hunting sling     |       |    97 |   397 ||   494
 Cast: Pain              |    63 |    38 |    72 ||   173
       Animate Skeleton  |     5 |     1 |     3 ||     9
       Vampiric Draining |       |     5 |    21 ||    26
       Corona            |       |       |     1 ||     1
Invok: Heroism           |       |       |     1 ||     1
  Use: Scroll            |       |     7 |     2 ||     9
 Stab: Sleeping          |     2 |     5 |       ||     7
Armor: Robe              |    18 |       |       ||    18
       Leather armour    |       |    13 |       ||    13
       Scale mail        |       |     8 |   132 ||   140
Dodge: Dodged            |    39 |    56 |   158 ||   253

Table legend:
 A = Non-vault XP
 B = Vault XP
 C = Vault XP percentage of total XP
 D = Non-vault monster count
 E = Vault monster count
 F = Vault count percentage of total count
                 A         B        C        D         E       F
            +---------+---------+-------+---------+---------+-------
      Total |    4441 |     751 |  14.5 |     179 |       6 |   3.2
            +---------+---------+-------+---------+---------+-------
        D:1 |      53 |       0 |   0.0 |      31 |       0 |   0.0
        D:2 |     122 |       0 |   0.0 |      24 |       0 |   0.0
        D:3 |      45 |       0 |   0.0 |      17 |       0 |   0.0
        D:4 |     413 |       0 |   0.0 |      16 |       0 |   0.0
        D:5 |     619 |      76 |  10.9 |      20 |       1 |   4.8
        D:6 |     661 |     196 |  22.9 |      19 |       1 |   5.0
        D:7 |     930 |       0 |   0.0 |      18 |       0 |   0.0
        D:8 |    1549 |     436 |  22.0 |      31 |       3 |   8.8
        D:9 |      49 |      43 |  46.7 |       3 |       1 |  25.0
            +---------+---------+-------+---------+---------+-------
